 Dungeon Crawl Stone Soup version 0.27.0-1-g7a089689b8 (webtiles) character file.

Game seed: 9534145133630965702

215 gimp the Poker (level 5, -1/42 HPs)
             Began as a Mummy Warper on Aug 10, 2021.
             Slain by a river rat (7 damage)
             ... on level 4 of the Dungeon.
             The game lasted 00:04:53 (3468 turns).

gimp the Poker (Mummy Warper)                       Turns: 3468, Time: 00:04:54

Health: -1/42      AC:  3    Str: 14    XL:     5   Next: 60%
Magic:  9/9        EV: 11    Int: 13    God:
Gold:   113        SH:  0    Dex: 12    Spells: 9/9 levels left

rFire    x . .     SeeInvis .   a - +0 spear
rCold    + . .     Faith    .   (no shield)
rNeg     + + +     Spirit   .   g - +0 leather armour
rPois    ∞         Reflect  .   (no helmet)
rElec    .         Harm     .   (no cloak)
rCorr    .         Rampage  .   (no gloves)
Will     .....                  (no boots)
Stlth    +.........             l - amulet of the acrobat
HPRegen  0.14/turn              (no ring)
MPRegen  0.11/turn              (no ring)

@: no status effects
A: cold resistance 1, negative energy resistance 3, torment resistance 2, heat
vulnerability 1, no potions
a: no special abilities


You were on level 4 of the Dungeon.
You visited 1 branch of the dungeon, and saw 4 of its levels.

You collected 113 gold pieces.

Inventory:

Hand Weapons
 a - a +0 spear (weapon)
 b - a +0 hunting sling
Missiles
 d - 5 boomerangs of dispersal
 f - 32 poisoned darts (quivered)
 h - 19 stones
Armour
 g - a +0 leather armour (worn)
 i - a +0 cloak
Jewellery
 l - an amulet of the acrobat (around neck)
Scrolls
 c - a scroll of blinking
 e - a scroll of immolation


   Skills:
 + Level 3.7 Fighting
 * Level 4.1 Polearms
 - Level 0.7 Throwing
 - Level 0.7 Armour
 - Level 1.5 Dodging
 - Level 2.6 Spellcasting
 - Level 2.4 Translocations


You had 9 spell levels left.
You didn't know any spells.
Your spell library contained the following spells:

 Spells                   Type           Power      Damage    Failure   Level
 Blink                    Tloc           N/A        N/A       17%         2
 Gell's Gravitas          Tloc           4%         N/A       32%         3
 Lesser Beckoning         Tloc           4%         N/A       32%         3
 Teleport Other           Tloc           8%         N/A       32%         3
 Corpse Rot               Necr/Air       N/A        N/A       41%         2
 Dispel Undead            Necr           1%         3d6       96%         4
 Manifold Assault         Tloc           8%         N/A       97%         5
 Death Channel            Necr           0%         N/A       100%        6
 Dispersal                Tloc           4%         N/A       100%        6


Dungeon Overview and Level Annotations

Branches:
Dungeon (4/15)
 Temple: D:4-7

Altars:

Annotations:
D:3 Sigmund


Innate Abilities, Weirdness & Mutations

You are immune to poison.
Your flesh is cold resistant. (rC+)
You are immune to negative energy. (rN+++)
You are immune to unholy pain and torment.
You are vulnerable to heat. (rF-)
You do not drink.


Message History

The orc hits you with a +0 hand axe.
You take 2 damage, and have 17/42 hp.
You hit the orc.
You kill the orc!
An orc comes into view. It is wielding a +0 hand axe.
The river rat closely misses you.
Things that are here:
a +0 hand axe; an orc corpse You barely miss the river rat.
The river rat closely misses you.
You hit the river rat.
The river rat is lightly wounded.
The river rat barely misses you.
You hit the river rat.
The river rat is heavily wounded.
The river rat bites you.
You take 4 damage, and have 14/42 hp.
You hit the river rat.
The river rat is severely wounded.
The river rat bites you but does no damage.
You hit the river rat.
The river rat is severely wounded.
The river rat closely misses you.
You barely miss the river rat.
The river rat is severely wounded.
The river rat bites you.
You take 1 damage, and have 13/42 hp.
You hit the river rat but do no damage.
The river rat is severely wounded.
The river rat misses you.
You closely miss the river rat.
The river rat is severely wounded.
The river rat bites you!
* * * LOW HITPOINT WARNING * * *
You take 8 damage, and have 5/42 hp.
You hit the river rat.
The river rat is almost dead.
You hit the river rat.
The river rat is almost dead.
The river rat bites you!
You die...

####.o.....#
##.........#
####...######.. .#
##.#....## . ..
........# #.#
##.#.....#
..###..#†....#.#
..#..††.)....#
#...#@#####.#$#
##.##r#####.#
..####..##.....$..
...............###
.#####.........#
#...#######
#......# #.##..≈#
.. ....≈#


You could see a river rat.

Vanquished Creatures
  A scorpion (D:3)
  Jessica (D:1)
  An iguana (D:4)
  An adder (D:2)
  A worm (D:4)
  2 dart slugs
  2 orcs
  7 bats
  2 endoplasms (D:1)
  3 giant cockroaches
  8 hobgoblins
  8 jackals
  2 quokkas (D:1)
  4 ball pythons
  3 frilled lizards
  9 goblins
  4 kobolds
  5 rats
64 creatures vanquished.

Vanquished Creatures (collateral kills)
  2 adders (D:4)
  A river rat (D:4)
  A worm (D:4)
  2 endoplasms (D:4)
  A hobgoblin (D:4)
  A rat (D:4)
8 creatures vanquished.

Vanquished Creatures (others)
  2 plants (D:3)
2 creatures vanquished.

Grand Total: 74 creatures vanquished

Notes
Turn   | Place    | Note
-------+----------+-------------------------------------------
     0 | D:1      | gimp the Mummy Warper began the quest for the Orb.
     0 | D:1      | Reached XP level 1. HP: 16/16 MP: 4/4
    92 | D:1      | Reached skill level 2 in Polearms
   105 | D:1      | Reached XP level 2. HP: 11/22 MP: 5/5
   983 | D:1      | Reached XP level 3. HP: 23/28 MP: 7/7
  1981 | D:2      | Noticed Jessica
  2060 | D:1      | Killed Jessica
  2061 | D:1      | Reached skill level 3 in Polearms
  2061 | D:1      | Reached XP level 4. HP: 18/35 MP: 8/8
  3127 | D:3      | Noticed a scorpion
  3135 | D:3      | Killed a scorpion
  3136 | D:3      | Reached XP level 5. HP: 41/41 MP: 9/9
  3145 | D:3      | Noticed Sigmund
  3403 | D:4      | Reached skill level 4 in Polearms
  3468 | D:4      | Slain by a river rat

Illustrated notes

Levels and vault maps discovered:
D:1:      kennysheep_arrival_forest, layout_loops_ring, minmay_indecisive_spiral
D:2:      layout_rooms, serial_curves, eino_curves_01, eino_curves_01,
          eino_curves_04, eino_curves_04, uniq_jessica
D:3:      layout_basic, vehumet_crystals, serial_bayou_lagoon_a, uniq_sigmund
D:4:      layout_loops_cross, nicolae_overflow_hidden_temple,
          lightli_sewer_entry_pipes, enter_ossuary_4,
          minmay_fractal_squares_gapless_5, uniq_blork_the_orc

Skill      XL: |  1  2  3  4  5 |
---------------+----------------+-----
Polearms       | 2 3 4 |  4.1
Fighting       | 3 |  3.7
Throwing       | |  0.7
Armour         | |  0.7
Dodging        | |  1.5
Spellcasting   | |  2.6
Translocations | |  2.4

Action                   |  1- 3 |  4- 6 || total
-------------------------+-------+-------++-------
Melee: Spear             |   152 |   133 ||   285
 Fire: Hunting sling     |    15 |     3 ||    18
Throw: Dart              |       |     9 ||     9
  Use: Scroll            |       |     5 ||     5
Armor: Leather armour    |    36 |    30 ||    66
Dodge: Dodged            |    74 |    65 ||   139
